 Dungeon Sprint DCSS version 0.17-a0-1210-g1e4f09d (webtiles) character file.

144 Kidiri the Covert (level 5, -4/29 HPs)
             Began as a Spriggan Assassin on June 3, 2015.
             Slain by a shadow (13 damage)
             ... in the Dungeon (Sprint III: "The Ten Rune Challenge").
             The game lasted 00:03:13 (892 turns).

Kidiri the Covert (Spriggan Assassin)                Turns: 892, Time: 00:03:13

Health: -4/29      AC:  4    Str:  7    XL:     5   Next: 5%
Magic:  6/6        EV: 22    Int: 13    God:
Gold:   37         SH:  0    Dex: 18    Spells: 0 memorised, 4 levels left

rFire  + . .     SeeInvis +     a - +2 dagger
rCold  . . .     Rnd*Rage +     c - +0 robe
rNeg   . . .     SustAt   .     (shield restricted)
rPois  .         Gourm    .     (helmet restricted)
rElec  .         Spirit   .     d - +0 cloak
rCorr  .         Warding  .     (gloves unavailable)
rMut   .         NoTele   +     (boots unavailable)
MR     .....                    (no amulet)
Stlth  +++++.....               (no ring)
                                (no ring)

@: very slightly contaminated, hasted, very quick, not resistant to hostile
enchantments, quite stealthy
A: unfitting armour, rugged brown scales 1, see invisible, berserk 1, fire
resistance 1, herbivore 3, speed 3, slow metabolism 2, MP-powered wands
a: no special abilities


You were in the Dungeon.
You were not hungry.

You visited 1 branch You collected 37 gold pieces.

Inventory:

Hand weapons
 a - a +2 dagger (weapon)
 b - a +0 blowgun
Missiles
 e - 8 poisoned needles
 f - 2 curare-tipped needles
Armour
 c - a +0 robe (worn)
 d - a +0 cloak (worn)
Magical devices
 n - a wand of polymorph (5)
Scrolls
 m - 2 scrolls of blinking
 p - 2 scrolls of torment {unknown}
 q - 4 scrolls of identify
 r - 3 scrolls of remove curse
Potions
 k - 2 potions of magic
 l - a potion of berserk rage
 t - 4 potions of cure mutation
 u - 3 potions of flight
Comestibles
 g - a bread ration
 i - a royal jelly
 s - 2 fruits


   Skills:
 * Level 3.9 Fighting
 * Level 4.7 Short Blades
 * Level 5.4 Throwing
 * Level 6.4 Dodging
 * Level 9.1 Stealth


You had 4 spell levels left.
You didn't know any spells.

Dungeon Overview and Level Annotations

Branches:
Dungeon (1/1)

Altars:


Innate Abilities, Weirdness & Mutations

You are tiny and cannot use many weapons and most armour.
You have supernaturally acute eyesight.
You are a herbivore.
You cover ground extremely quickly.
You need consume almost no food.
You are partially covered in rugged brown scales (AC +1, +3% HP).
You tend to lose your temper in combat.
Your flesh is heat resistant.
You expend magic power (3 MP) to strengthen your wands.


Message History

The shadow closely misses you.
You barely miss the shadow.
The shadow is lightly damaged.
You hit the shadow but do no damage.
The shadow is lightly damaged.
The shadow barely misses you.
You hit the shadow.
The shadow is moderately damaged.
You hit the shadow but do no damage.
The shadow is moderately damaged.
The shadow hits you.
You barely miss the shadow.
The shadow is moderately damaged.
You hit the shadow but do no damage.
The shadow is moderately damaged.
The shadow misses you.
You hit the shadow.
The shadow is moderately damaged.
The shadow hits you!
You die...

♣♣ ♣..# .♣
♣..###+#+###+##
♣♣♣♣..#..........#
≈...♣.'.⌠........#
≈≈≈♣♣.#...######'#
≈≈....#.⌠.# #...#
≈.....#...# #...#
......#+### #..W#
......# #..@+
......# +...#
▓▓▓▓▓▓▓ ▓▓▓▓▓


You could see a shadow.

Vanquished Creatures
  A water elemental (D)
  A jelly (D)
  Jessica (D)
  A human (D)
  2 oozes (D)
  A phantom (D)
  A rat (D)
8 creatures vanquished.

Vanquished Creatures (others)
  A draconian scorcher (D)
  2 yaktaurs (D)
  A fire drake (D)
4 creatures vanquished.

Grand Total: 12 creatures vanquished

Notes
Turn   | Place    | Note
--------------------------------------------------------------
     0 | D        | Kidiri the Spriggan Assassin began the quest for the Orb.
     0 | D        | Reached XP level 1. HP: 10/10 MP: 2/2
     5 | D        | Reached skill level 1 in Short Blades
     5 | D        | Reached skill level 6 in Stealth
    17 | D        | Reached XP level 2. HP: 8/15 MP: 3/3
    30 | D        | Killed a yaktaur
   155 | D        | Noticed Jessica
   162 | D        | Killed Jessica
   162 | D        | Reached skill level 7 in Stealth
   162 | D        | Reached XP level 3. HP: 15/19 MP: 4/4
   271 | D        | Gained mutation: Your flesh is heat resistant. [potion of mutation]
   271 | D        | Gained mutation: You possess an exceptional clarity of mind. [potion of mutation]
   272 | D        | Gained mutation: You expend magic power (3 MP) to strengthen your wands. [potion of mutation]
   272 | D        | Gained mutation: You tend to lose your temper in combat. [potion of mutation]
   273 | D        | Gained mutation: You are partially covered in rugged brown scales (AC +1, +3% HP). [potion of mutation]
   273 | D        | Lost mutation: You possess an exceptional clarity of mind. [potion of mutation]
   306 | D        | Killed a yaktaur
   337 | D        | Killed a white draconian scorcher
   804 | D        | Killed a fire drake
   852 | D        | Noticed a water elemental
   855 | D        | Killed a water elemental
   855 | D        | Reached skill level 5 in Throwing
   855 | D        | Reached skill level 8 in Stealth
   855 | D        | Reached XP level 4. HP: 23/25 MP: 5/5
   865 | D        | Noticed a jelly
   866 | D        | Noticed a shadow
   873 | D        | Killed a jelly
   873 | D        | Reached skill level 9 in Stealth
   873 | D        | Reached XP level 5. HP: 27/29 MP: 6/6
   892 | D        | Slain by a shadow

Vault maps used:
D:        dungeon_sprint_mu

Action                   |  1- 3 |  4- 6 || total
-------------------------+-------+-------++-------
Melee: Dagger            |    64 |    19 ||    83
       Unarmed           |     3 |       ||     3
  Use: Potion            |     4 |     2 ||     6
 Stab: Sleeping          |     2 |     1 ||     3
